 Dungeon Crawl Stone Soup version 0.21.1-1-g345015fe64 (webtiles) character file.

95 Ivernyr the Vexing (level 4, -5/34 HPs)
             Began as a Gnoll Arcane Marksman on Mar 19, 2018.
             Slain by an orc warrior
             ... wielding a +0 battleaxe
              (11 damage)
             ... on level 2 of the Dungeon on Mar 20, 2018.
             The game lasted 00:28:16 (2996 turns).

Ivernyr the Vexing (Gnoll Arcane Marksman)          Turns: 2996, Time: 00:28:16

Health: -5/34      AC:  2    Str: 12    XL:     4   Next: 66%
Magic:  6/8        EV: 15    Int: 15    God:
Gold:   93         SH:  0    Dex: 17    Spells: 5/9 levels left

rFire    . . .     SeeInvis .   e - +0 club
rCold    . . .     Gourm    +   (no shield)
rNeg     . . .     Faith    .   a - +0 robe
rPois    .         Spirit   .   (no helmet)
rElec    .         Reflect  .   (no cloak)
rCorr    .         Harm     .   (no gloves)
MR       .....                  (no boots)
Stlth    ++........             h - amulet of the gourmand
HPRegen  0.11/turn              (no ring)
MPRegen  0.11/turn              (no ring)

@: about to teleport
A: distributed training, fangs 1, strong nose
a: no special abilities


You were on level 2 of the Dungeon.
You were not hungry.

You visited 1 branch of the dungeon, and saw 2 of its levels.

You collected 93 gold pieces.

Inventory:

Hand Weapons
 e - a +0 club (weapon)
Missiles
 d - a throwing net (quivered)
 o - 5 javelins
Armour
 a - a +0 robe (worn)
Jewellery
 h - an amulet of the gourmand (around neck)
Scrolls
 g - a scroll of enchant armour {unknown}
 j - a scroll of remove curse
 s - a scroll of identify {unknown}
Potions
 c - a potion of berserk rage {unknown}
 i - a potion of agility {unknown}
 k - a potion of flight {unknown}
 l - a potion of degeneration {unknown}
 m - a potion of magic {unknown}
 n - a potion of mutation {unknown}
 p - a potion of lignification {unknown}
 q - a potion of heal wounds {unknown}
Books
 b - a book of Debilitation

   Spells                             Type                      Level
   a - Corona                         Hexes                        1
   b - Slow                           Hexes                        2
   c - Inner Flame                    Hexes/Fire                   3
   d - Portal Projectile              Hexes/Translocation          3
   e - Cause Fear                     Hexes                        4
   f - Leda's Liquefaction            Hexes/Earth                  4
Comestibles
 f - 5 rations


   Skills:
 + Level 2.8 Fighting
 + Level 1.2 Short Blades
 + Level 1.2 Long Blades
 + Level 1.2 Axes
 + Level 1.2 Maces & Flails
 + Level 1.2 Polearms
 + Level 1.2 Staves
 + Level 1.2 Slings
 + Level 1.2 Bows
 + Level 1.2 Crossbows
 + Level 4.6 Throwing
 + Level 1.2 Armour
 + Level 4.6 Dodging
 + Level 1.2 Stealth
 + Level 1.2 Shields
 + Level 1.2 Unarmed Combat
 + Level 3.0 Spellcasting
 + Level 1.0 Conjurations
 + Level 5.5 Hexes
 + Level 1.0 Charms
 + Level 1.0 Summonings
 + Level 1.0 Necromancy
 + Level 1.0 Translocations
 + Level 1.0 Transmutations
 + Level 1.0 Fire Magic
 + Level 1.0 Ice Magic
 + Level 1.0 Air Magic
 + Level 1.0 Earth Magic
 + Level 1.0 Poison Magic
 + Level 1.3 Invocations
 + Level 1.2 Evocations


You had 5 spell levels left.
You knew the following spells:

 Your Spells              Type           Power        Failure   Level  Hunger
a - Corona                Hex            ###....      1%          1    #......
b - Portal Projectile     Hex/Tloc       ##....       16%         3    ###....


Dungeon Overview and Level Annotations

Branches:
Dungeon (2/15)

Altars:


Innate Abilities, Weirdness & Mutations

Your experience applies equally to all skills.
You have very sharp teeth.
Your uncanny sense of smell can sniff out nearby items.


Message History

The orc wizard gestures at you while chanting.
The magic dart hits you!
The orc wizard gestures at you while chanting.
You resist with some effort.
You hit the orc wizard.
You bite the orc wizard, but do no damage.
The orc wizard is moderately wounded.
The orc wizard stops glowing.
The orc warrior hits you with a battleaxe!
* * * LOW HITPOINT WARNING * * *
The orc wizard hits you with a dagger.
* * * LOW HITPOINT WARNING * * *
The orc wizard closely misses you.
Okay, then.
Wield which item (- for none, * to show all)? (? for menu, Esc to quit)
Okay, then.
As you read the scroll labeled XIETWOANAU, it crumbles to dust.
You feel strangely unstable.
It was a scroll of teleportation.
The orc warrior hits you with a battleaxe!
You die...

###.......####.####..###
#...###.####.........#
#..## #.......[....#.#
#### ######.#.###.#.#
#)#.# #.#.## #.#o#
#.(..## #.#o#
#.###.######## #.#o# #.#
#........# #.#@#
#.###.######.# #.#o#
#....## #.# #.#.# #...##
#.# ..#.# ##...#######.#
##.# #..#..>...(..# #..#
#....######### #.##
#.#.## #.# #.#.#######
#.# #.#...o...####


You could see an orc warrior, an orc wizard and 2 orcs.

Vanquished Creatures
  Terence (D:2)
  2 adders (D:2)
  A dart slug (D:1)
  2 leopard geckos
  An orc (D:2)
  6 bats (D:1)
  4 giant cockroaches
  6 goblins
  6 hobgoblins
  4 jackals (D:1)
  7 kobolds
  A ball python skeleton (D:2)
  4 frilled lizards
  4 rats
49 creatures vanquished.

Notes
Turn   | Place    | Note
-------+----------+-------------------------------------------
     0 | D:1      | Ivernyr the Gnoll Arcane Marksman began the quest for the Orb.
     0 | D:1      | Reached XP level 1. HP: 17/17 MP: 4/4
   188 | D:1      | Reached XP level 2. HP: 14/23 MP: 2/5
   853 | D:1      | Reached XP level 3. HP: 28/28 MP: 5/7
  1152 | D:1      | Learned a level 3 spell: Portal Projectile
  1354 | D:2      | Noticed an orc warrior
  1468 | D:2      | Reached skill level 1 in Invocations
  1489 | D:2      | Reached skill level 1 in Short Blades
  1489 | D:2      | Reached skill level 1 in Long Blades
  1489 | D:2      | Reached skill level 1 in Axes
  1489 | D:2      | Reached skill level 1 in Maces & Flails
  1489 | D:2      | Reached skill level 1 in Polearms
  1489 | D:2      | Reached skill level 1 in Staves
  1489 | D:2      | Reached skill level 1 in Slings
  1489 | D:2      | Reached skill level 1 in Bows
  1489 | D:2      | Reached skill level 1 in Crossbows
  1489 | D:2      | Reached skill level 1 in Armour
  1489 | D:2      | Reached skill level 1 in Stealth
  1489 | D:2      | Reached skill level 1 in Shields
  1489 | D:2      | Reached skill level 1 in Unarmed Combat
  1489 | D:2      | Reached skill level 1 in Evocations
  1569 | D:2      | Reached XP level 4. HP: 14/34 MP: 6/8
  2081 | D:2      | Noticed Terence
  2091 | D:2      | Killed Terence
  2740 | D:2      | Reached skill level 1 in Conjurations
  2740 | D:2      | Reached skill level 1 in Charms
  2740 | D:2      | Reached skill level 1 in Summonings
  2740 | D:2      | Reached skill level 1 in Necromancy
  2740 | D:2      | Reached skill level 1 in Translocations
  2740 | D:2      | Reached skill level 1 in Transmutations
  2740 | D:2      | Reached skill level 1 in Fire Magic
  2740 | D:2      | Reached skill level 1 in Ice Magic
  2740 | D:2      | Reached skill level 1 in Air Magic
  2740 | D:2      | Reached skill level 1 in Earth Magic
  2740 | D:2      | Reached skill level 1 in Poison Magic
  2996 | D:2      | Slain by an orc warrior

Skill      XL: |  1  2  3  4 |
---------------+-------------+-----
Invocations    | 1 |  1.3
Short Blades   | 1 |  1.2
Long Blades    | 1 |  1.2
Axes           | 1 |  1.2
Maces & Flails | 1 |  1.2
Polearms       | 1 |  1.2
Staves         | 1 |  1.2
Slings         | 1 |  1.2
Bows           | 1 |  1.2
Crossbows      | 1 |  1.2
Armour         | 1 |  1.2
Stealth        | 1 |  1.2
Shields        | 1 |  1.2
Unarmed Combat | 1 |  1.2
Evocations     | 1 |  1.2
Spellcasting   | 3 |  3.0
Conjurations   | 1 |  1.0
Charms         | 1 |  1.0
Summonings     | 1 |  1.0
Necromancy     | 1 |  1.0
Translocations | 1 |  1.0
Transmutations | 1 |  1.0
Fire Magic     | 1 |  1.0
Ice Magic      | 1 |  1.0
Air Magic      | 1 |  1.0
Earth Magic    | 1 |  1.0
Poison Magic   | 1 |  1.0
Fighting       | |  2.8
Throwing       | |  4.6
Dodging        | |  4.6
Hexes          | |  5.5

Action                   |  1- 3 |  4- 6 || total
-------------------------+-------+-------++-------
Melee: Unarmed           |    39 |       ||    39
       Bite              |    14 |     7 ||    21
       Club              |   118 |    48 ||   166
       Broad axe         |       |     9 ||     9
Throw: Javelin           |     4 |     6 ||    10
       Throwing net      |       |     2 ||     2
 Cast: Corona            |    41 |    15 ||    56
       Portal Projectile |     1 |     1 ||     2
  Use: Scroll            |       |     2 ||     2
 Stab: Sleeping          |     1 |       ||     1
       Held in net/web   |       |     2 ||     2
  Eat: Chunk             |     3 |     5 ||     8
Armor: Robe              |    49 |     6 ||    55
Dodge: Dodged            |   172 |    60 ||   232
